 Dungeon Crawl Stone Soup version 0.28-a0-1159-g27aa881441 (webtiles) character file.

Game seed: 2247437682946246862

17770 siradein the Blocker (level 12, -4/162 HPs)
             Began as a Minotaur Fighter on Dec 15, 2021.
             Was a Priest of Yredelemnul.
             Succumbed to poison (dark miasma)
             ... on level 11 of the Dungeon.
             The game lasted 00:49:18 (12337 turns).

siradein the Blocker (Minotaur Fighter)            Turns: 12337, Time: 00:49:20

Health: -4/162     AC: 30    Str: 23    XL:     12   Next: 21%
Magic:  16/16      EV:  2    Int:  5    God:    Yredelemnul [***...]
Gold:   661        SH:  7    Dex: 13    Spells: 11/11 levels left

rFire   + . .      SeeInvis .   C - +5 spear
rCold   . . .      Faith    +   c - +0 buckler
rNeg    . . .      Spirit   .   (armour currently unavailable)
rPois   +          Reflect  .   (helmet currently unavailable)
rElec   .          Harm     .   (cloak currently unavailable)
rCorr   .          Rampage  .   (gloves currently unavailable)
Will    .....      NoTele   +   (boots currently unavailable)
Stlth   +.........              e - amulet of faith
HPRegen 0.37/turn               j - +4 ring of protection
MPRegen 0.15/turn               F - ring of protection from fire

@: lethally poisoned (-4 -> -52), tree-form, slowed, very slow
A: stationary, stasis, torment immunity, boosted hp, (horns 2), (retaliatory
headbutt)
a: Renounce Religion, Recall Undead Harvest, Dark Bargain


You were on level 11 of the Dungeon.
You worshipped Yredelemnul.
Yredelemnul was noncommittal.
You were a tree.
You visited 2 branches of the dungeon, and saw 12 of its levels.

You collected 661 gold pieces.

Inventory:

Hand Weapons
 C - a +5 spear (weapon)
Missiles
 b - 3 curare-tipped darts
 k - 33 poisoned darts (quivered)
Armour
 a - a +2 pair of boots (melded)
 c - a +0 buckler (worn)
 p - a +2 cloak (melded)
 K - a +0 pair of gloves (melded)
 O - the +4 moon troll leather armour (melded) {Spirit, Regen++ MP+5}
   (You found it on level 10 of the Dungeon)

   MP:        It affects your magic capacity (+5).
   Regen:     It increases your rate of health regeneration.
Jewellery
 e - an amulet of faith (around neck)
 i - a ring of see invisible
 j - a +4 ring of protection (left branch)
 l - a ring of resist corrosion
 F - a ring of protection from fire (right branch)
 H - a ring of ice
 L - a ring of positive energy
 M - a +4 ring of protection
Wands
 n - a wand of iceblast (8)
 u - a wand of paralysis (12)
 B - a wand of polymorph (7)
 G - a wand of flame (64)
 R - a wand of acid (5)
Scrolls
 h - 4 scrolls of teleportation
 m - 2 scrolls of blinking
 o - 2 scrolls of magic mapping
 q - 4 scrolls of enchant weapon
 r - 4 scrolls of fog
 t - 2 scrolls of amnesia
 w - 2 scrolls of fear
 y - 2 scrolls of vulnerability {unknown}
 z - a scroll of summoning {unknown}
 A - a scroll of noise {unknown}
 E - a scroll of brand weapon {unknown}
 P - 2 scrolls of identify
 Q - a scroll of acquirement {unknown}
Potions
 d - a potion of might
 f - a potion of resistance
 g - 3 potions of flight
 v - a potion of cancellation {unknown}
 x - 2 potions of heal wounds {unknown}
 D - a potion of curing {unknown}
 I - a potion of magic {unknown}
 J - a potion of invisibility {unknown}
 N - a potion of haste {unknown}
 S - a potion of mutation {unknown}


   Skills:
 + Level 10.8 Fighting
 + Level 10.4 Polearms
 + Level 10.8 Armour
 + Level 3.2 Dodging
 + Level 11.0 Shields
 + Level 7.5 Invocations
 + Level 6.8 Evocations


You had 11 spell levels left.
You didn't know any spells.
Your spell library contained the following spells:

 Spells                   Type           Power      Damage    Failure   Level
 Passwall                 Tmut/Erth      0%         N/A       63%         2
 Sublimation of Blood     Necr           0%         N/A       63%         2
 Dazzling Flash           Conj/Hex       0%         N/A       85%         3
 Ignite Poison            Fire/Tmut/Pois 0%         N/A       85%         3
 Mephitic Cloud           Conj/Pois/Air  0%         N/A       85%         3
 Swiftness                Air            0%         N/A       85%         3
 Iskenderun's Mystic Bla  Conj/Tloc      0%         2d3       99%         4
 Petrify                  Tmut/Erth      0%         N/A       99%         4
 Freezing Cloud           Conj/Ice/Air   0%         6-21      100%        5
 Irradiate                Conj/Tmut      0%         3d13      100%        5
 Starburst                Conj/Fire      0%         6d3       100%        6


Dungeon Overview and Level Annotations

Branches:
Dungeon (11/15)            Temple (1/1) D:5            Lair (0/6) D:10
    Orc (0/2) D:11

Altars:
Gozag
Uskayaw
Yredelemnul
The Shining One

Shops:
D:6 *   D:10 [[*[

Annotations:
D:4 1 runed translucent door, Crazy Yiuf


Innate Abilities, Weirdness & Mutations

You are a tree.
Your roots penetrate the ground, keeping you stationary.
You cannot be teleported.
You are immune to unholy pain and torment.
Your maximum health is greatly increased.
Your equipment is partially melded.
((You have a pair of horns on your head.))
((You reflexively headbutt those who attack you in melee.))


Message History

You catch the helpless death drake completely off-guard!
You puncture the death drake!
The death drake is almost dead.
You feel extremely sick. The death drake breathes miasma at you.
The foul vapour engulfs you but does no damage.
Unknown command.
You barely miss the death drake. You headbutt the death drake.
The death drake is almost dead.
You are engulfed in dark miasma.
You are more poisoned.
You feel extremely sick. The death drake barely misses you.
You furiously retaliate!
You headbutt the death drake!
Your orc zombie closely misses the death drake.
You hit the death drake. Your headbutt misses the death drake.
The death drake is almost dead.
You are engulfed in dark miasma.
You are more poisoned.
You feel extremely sick. You block the death drake's attack.
Your orc zombie barely misses the death drake.
You puncture the death drake!
You kill the death drake!
A black mist starts to gather...
You are engulfed in dark miasma.
You are lethally poisoned!
* * * LOW HITPOINT WARNING * * *
You feel extremely sick.
Unknown command.
You swap places.
* * * LOW HITPOINT WARNING * * *
You feel extremely sick.
Really quaff the potion of lignification?
You turn into a tree.
Your +2 cloak melds into your body.
Your +0 pair of gloves melds into your body.
Your +2 pair of boots melds into your body.
The +4 moon troll leather armour {Spirit, Regen++ MP+5} melds into your body.
You feel strangely alone.
Your roots penetrate the ground.
You die...
Your body rises from the dead as a mindless zombie.

## #..ZZ..... #.#
##........ ..#
######........ ..
..# #.............
..
..##..............
.. ..##.......).....
..##
##Z(##.........(..
...##
##ZZ##...........#<
....##
##Z♣##.^.........###
.....##
##..##...........##
# ......##
##..##............#
# ...Z##.##
##..##............##
# ...Z###.###..##
............# #
...#####.#..##
...........##
...#.......##
###...)...##
.......)...#
##.....).##
....(..####..#
##.......##


You could see a friendly death drake zombie, 2 friendly boulder beetle zombies
and a friendly orc zombie.

Vanquished Creatures
  Josephine (D:11)
  2 boulder beetles (D:11)
  A hydra (D:11)
  2 two-headed ogres
  A death drake (shapeshifter) (D:11)
  Pikel (D:6)
  A manticore (D:11)
  A cyclops (D:11)
  2 centaur zombies
  An unseen horror (D:10)
  An efreet (D:8)
  2 hornets (D:8)
  3 wraiths
  2 wyverns
  A vampire (D:10)
  11 yaks
  2 steam dragons
  4 vampire mosquitoes
  A water moccasin (D:6)
  2 ice beasts
  3 sky beasts
  3 orc warriors (D:8)
  A black bear (D:4)
  An ogre (D:7)
  3 centaurs
  5 kobold brigands
  A lemure (D:6)
  2 bullfrogs
  2 scorpions
  5 killer bees (D:7)
  3 wights
  2 howler monkeys
  A jelly (D:6)
  3 bullfrog skeletons
  2 bullfrog zombies
  2 centaur skeletons
  A gnoll shaman (D:6)
  10 orc priests
  2 hounds (D:5)
  Jessica (D:2)
  3 iguanas
  10 orc wizards
  3 killer bee zombies
  A howler monkey zombie (D:9)
  A howler monkey skeleton (D:5)
  13 gnolls
  13 adders
  A white imp (D:5)
  3 ufetubi
  2 worms
  A worm (shapeshifter) (D:8)
  2 adder skeletons (D:4)
  3 dart slugs
  44 orcs
  4 bats
  7 endoplasms
  3 giant cockroaches
  2 goblins (D:4)
  9 hobgoblins
  3 jackals (D:2)
  5 quokkas
  7 ball pythons
  4 frilled lizards
  24 kobolds
  A rat (D:2)
264 creatures vanquished.

Vanquished Creatures (collateral kills)
  A shock serpent (shapeshifter) (D:8)
  A komodo dragon (D:10)
  A hornet (D:8)
  9 yaks
  3 wraiths (D:11)
  2 vampire mosquitoes (D:10)
  A steam dragon (D:8)
  An acid dragon (D:9)
  An ogre (D:5)
  3 centaurs (D:8)
  A bullfrog (D:8)
  2 gnoll sergeants
  2 killer bees
  5 wights
  A howler monkey (D:10)
  3 orc priests (D:9)
  An orc wizard (D:8)
  A gnoll (D:9)
  A howler monkey skeleton (D:7)
  An adder (D:6)
  A white imp (D:8)
  6 orcs
  A kobold (D:9)
49 creatures vanquished.

Vanquished Creatures (others)
  A two-headed ogre zombie (D:11)
  A human zombie (D:11)
  A hornet zombie (D:8)
  3 vampire mosquito zombies
  A wyvern zombie (D:8)
  7 yak zombies
  A spectral ice beast (D:6)
  3 centaur zombies
  2 bullfrog zombies
  4 killer bee zombies (D:7)
  A sky beast zombie (D:6)
  A howler monkey zombie (D:8)
  A spectral jelly (D:6)
  2 steam dragon zombies (D:8)
  A worm zombie (D:8)
  3 adder zombies
  29 orc zombies
  A spectral white imp (D:8)
  4 kobold zombies
  A spectral ufetubus (D:6)
  A fungus (D:2)
  A plant (D:2)
70 creatures vanquished.

Grand Total: 383 creatures vanquished

Notes
Turn   | Place    | Note
-------+----------+-------------------------------------------
     0 | D:1      | siradein the Minotaur Fighter began the quest for the Orb.
     0 | D:1      | Reached XP level 1. HP: 19/19 MP: 0/0
   146 | D:1      | Reached XP level 2. HP: 22/27 MP: 1/1
   205 | D:1      | Reached skill level 4 in Shields
   361 | D:1      | Reached XP level 3. HP: 33/33 MP: 2/2
   785 | D:2      | Noticed Jessica
   907 | D:2      | Killed Jessica
   908 | D:2      | Reached XP level 4. HP: 3/40 MP: 3/3
  1348 | D:2      | Found a faded altar of an unknown god.
  1755 | D:3      | Reached XP level 5. HP: 44/47 MP: 4/4
  2544 | D:4      | Reached skill level 5 in Shields
  2817 | D:4      | Reached skill level 5 in Fighting
  2817 | D:4      | Reached skill level 5 in Armour
  2940 | D:4      | Noticed a black bear
  2953 | D:4      | Killed a black bear
  2954 | D:4      | Reached XP level 6. HP: 48/56 MP: 5/5
  3253 | D:4      | Found a runed translucent door.
  3254 | D:4      | Noticed Crazy Yiuf
  3653 | D:5      | Entered Level 5 of the Dungeon
  3693 | D:5      | Reached skill level 5 in Polearms
  3705 | D:5      | Reached XP level 7. HP: 60/62 MP: 6/6
  3805 | D:5      | Found a staircase to the Ecumenical Temple.
  3814 | Temple   | Entered the Ecumenical Temple
  3834 | Temple   | Became a worshipper of Yredelemnul the Dark
  3858 | D:5      | Reached skill level 6 in Shields
  4285 | D:5      | Reached skill level 1 in Invocations
  4285 | D:5      | Reached skill level 1 in Evocations
  4289 | D:5      | Reached * piety under Yredelemnul
  4540 | D:6      | Found Tarch's General Store.
  4555 | D:5      | Reached XP level 8. HP: 69/70 MP: 8/8
  4992 | D:6      | Reached ** piety under Yredelemnul
  5199 | D:6      | Reached skill level 7 in Shields
  5310 | D:6      | Noticed Pikel
  5326 | D:6      | Killed Pikel
  5327 | D:6      | Reached XP level 9. HP: 64/79 MP: 10/10
  5678 | D:7      | Noticed a two-headed ogre
  6174 | D:6      | Killed a two-headed ogre
  6175 | D:6      | Reached skill level 8 in Shields
  6437 | D:7      | Reached XP level 10. HP: 89/89 MP: 12/12
  6655 | D:7      | Reached *** piety under Yredelemnul
  7110 | D:8      | Paralysed by a hornet for 2 turns
  7114 | D:8      | Paralysed by a hornet for 1 turns
  7122 | D:8      | Reached skill level 5 in Invocations
  7633 | D:8      | Reached skill level 9 in Shields
  7765 | D:8      | Reached skill level 5 in Evocations
  8980 | D:8      | Reached XP level 11. HP: 90/97 MP: 14/14
  9065 | D:8      | Noticed a harpy
  9085 | D:8      | a harpy changed into a water moccasin
  9104 | D:8      | Paralysed by a hornet for 1 turns
  9587 | D:8      | Noticed a shock serpent
  9599 | D:8      | Killed a shock serpent
  9600 | D:8      | Reached **** piety under Yredelemnul
  9600 | D:8      | Reached skill level 10 in Shields
 10245 | D:9      | Found an opulent altar of Gozag.
 10568 | D:10     | Entered Level 10 of the Dungeon
 10568 | D:10     | Found Yckenly's Antique Armour Emporium.
 10698 | D:10     | Found a staircase to the Lair.
 10786 | D:10     | Found Yshog's Assorted Antiques.
 10802 | D:10     | Reached skill level 10 in Fighting
 10802 | D:10     | Reached skill level 10 in Armour
 10825 | D:10     | Found Jeme's Armour Emporium.
 11075 | D:10     | Found Etukhis's Armour Boutique.
 11297 | D:10     | Found the +4 moon troll leather armour {Spirit, Regen++
                  | MP+5}
 11800 | D:11     | Found a staircase to the Orcish Mines.
 11831 | D:11     | Noticed a two-headed ogre
 11839 | D:11     | Killed a two-headed ogre
 11840 | D:11     | Reached skill level 1 in Dodging
 12062 | D:11     | Noticed a seven-headed hydra
 12076 | D:11     | Killed a seven-headed hydra
 12077 | D:11     | Reached skill level 10 in Polearms
 12129 | D:11     | Noticed a boulder beetle
 12139 | D:11     | Noticed a boulder beetle
 12139 | D:11     | Noticed Josephine
 12149 | D:11     | Killed Josephine
 12150 | D:11     | Reached XP level 12. HP: 98/107 MP: 16/16
 12153 | D:11     | Your ally Josephine died
 12193 | D:11     | Killed a boulder beetle
 12215 | D:11     | Killed a boulder beetle
 12216 | D:11     | Reached skill level 11 in Shields
 12337 | D:11     | Succumbed to poison (dark miasma)

Illustrated notes

Levels and vault maps discovered:
D:1:      matt_arrival_grand_opening, layout_basic
D:2:      layout_rooms, dreamdust_ecumenical_altar_grove,
          kennysheep_generic_room_7, uniq_jessica
D:3:      layout_basic, chequers_serial_rivers_micro_c
D:4:      layout_loops_cross, kennysheep_cluttered_room, uniq_crazy_yiuf_cottage
D:5:      layout_rooms, minmay_temple_entry_arrows, grunt_ministairs_2
D:6:      kb_forest_paths, layout_basic, serial_shops, nicolae_stop_n_shop_1,
          uniq_pikel
D:7:      layout_cave_pools, minmay_joined_circles
D:8:      minmay_quarter_circles, layout_basic
D:9:      layout_rooms, lemuel_tele_altar
D:10:     layout_loops_cross, lair_entry_dummy, serial_shops,
          nicolae_shop_stone, nicolae_shop_crystal, nicolae_stop_n_shop_2,
          nicolae_shop_waterfront
D:11:     layout_layer_cave, hiddenorc2_lemuel, minmay_diamond_spiral,
          uniq_josephine
Temple:   mainiacjoe_temple_hex_bubbles

Skill      XL: |  1  2  3  4  5  6  7  8  9 10 11 12 |
---------------+-------------------------------------+-----
Shields        | 4 5 6 7 8 9 10 11 | 11.0
Fighting       | 4 5 6 7 8 9 10 | 10.8
Armour         | 4 5 6 7 8 9 10 | 10.8
Polearms       | 3 4 5 6 7 9 10 | 10.4
Invocations    | 1 3 4 6 7 |  7.5
Evocations     | 1 3 4 5 6 |  6.8
Dodging        | 2 3 |  3.2

Action                   |  1- 3 |  4- 6 |  7- 9 | 10-12 || total
-------------------------+-------+-------+-------+-------++-------
Melee: Trident           |    72 |   201 |    96 |       ||   369
       Headbutt          |    11 |    33 |    57 |   120 ||   221
       Spear             |       |       |   205 |   607 ||   812
Throw: Dart              |       |     6 |       |    40 ||    46
Invok: Recall Undead Har |       |       |       |     3 ||     3
       Dark Bargain      |       |       |       |     1 ||     1
  Use: Scroll            |       |       |       |    11 ||    11
       Potion            |       |       |       |     1 ||     1
 Stab: Distracted        |       |       |     1 |     9 ||    10
Armor: Scale mail        |    24 |    80 |   139 |       ||   243
       Chain mail        |       |       |    18 |   118 ||   136
       Troll leather arm |       |       |       |    70 ||    70
       Plate armour      |       |       |       |    14 ||    14
Dodge: Dodged            |    35 |    73 |    95 |   151 ||   354
Block: Buckler           |    15 |    28 |    67 |    97 ||   207

Table legend: (Time is in decaauts)
 A = Elapsed time spent in this place.
 B = Non-inter-level travel time spent in this place.
 C = Inter-level travel time spent in this place.
 D = Time resting spent in this place.
 E = Time spent auto-exploring this place.
 F = Levels seen in this place.
 G = Mean time per level.
                   A        B        C        D        E       F      G
               +--------+--------+--------+--------+--------+-----+--------+
         Total |  12103 |  11758 |    345 |    906 |   8711 |  12 | 1008.6 |
       Dungeon |  12067 |  11722 |    345 |    906 |   8694 |  11 | 1097.0 |
        Temple |     35 |     35 |      0 |      0 |     17 |   1 |   35.0 |
               +--------+--------+--------+--------+--------+-----+--------+

Top non-repeatable levels by time:
     D:8: 2624 daAuts
     D:6: 1389 daAuts
     D:7: 1347 daAuts
     D:4: 1293 daAuts
     D:1: 1129 daAuts
     D:5: 867 daAuts
    D:11: 851 daAuts
    D:10: 813 daAuts
     D:3: 716 daAuts
     D:2: 543 daAuts
     D:9: 490 daAuts
  Temple: 35 daAuts
